 Dungeon Crawl Stone Soup version 0.31-a0-210-gccc998df9b (webtiles) character file.

Game seed: 2625521112204116884

375 qw the Shooter (level 6, 0/52 HPs)
             Began as a Minotaur Hexslinger on June 29, 2023.
             Succumbed to an orc's poison
             ... on level 4 of the Dungeon.
             The game lasted 00:01:07 (2340 turns).

qw the Shooter (Minotaur Hexslinger)                Turns: 2340, Time: 00:01:08

Health: 0/52       AC:  6    Str: 13    XL:     6   Next: 44%
Magic:  6/6        EV: 11    Int: 10    God:
Gold:   67         SH:  5    Dex: 14    Spells: 6/7 levels left

rFire   . . .        Y - +1 sling
rCold   . . .        (no shield)
rNeg    . . .        e - +0 ring mail
rPois   .            (helmet restricted)
rElec   .            (no cloak)
rCorr   .            d - +0 pair of gloves
SInv    .            (no boots)
Will    .....        c - amulet of reflection
Stlth   +            (no ring)
HPRegen 0.28/turn    (no ring)
MPRegen 0.10/turn

%: reflection
@: lethally poisoned (0 -> -5)
A: horns 2, retaliatory headbutt
a: no special abilities


You were on level 4 of the Dungeon.
You visited 1 branch of the dungeon, and saw 4 of its levels.

You collected 144 gold pieces.
You spent 77 gold pieces at shops.


Innate Abilities, Weirdness & Mutations

You have a pair of horns on your head.
You reflexively headbutt those who attack you in melee.


   Skills:
 - Level 4.0 Fighting
 + Level 6.5 Ranged Weapons
 - Level 1.3 Armour
 - Level 2.1 Dodging
 - Level 1.0 Spellcasting
 - Level 2.0 Hexes


You had 6 spell levels left.
You knew the following spells:

 Your Spells              Type           Power      Damage    Failure   Level
a - Slow                  Hex            16%        N/A       32%         1

Your spell library contained the following spells:

 Spells                   Type           Power      Damage    Failure   Level
 Inner Flame              Hex/Fire       2%         N/A       82%         3
 Portal Projectile        Hex/Tloc       4%         N/A       82%         3
 Cause Fear               Hex            2%         N/A       97%         4

Inventory:

Hand Weapons
 Y - a +1 sling (weapon)
Armour
 d - a +0 pair of gloves (worn)
 e - a +0 ring mail (worn)
Jewellery
 c - an amulet of reflection (around neck)
Scrolls
 a - a scroll of enchant weapon {unknown}
 b - 2 scrolls of identify
Potions
 g - a potion of enlightenment
 i - 3 potions of curing

Dungeon Overview and Level Annotations

Branches:
Dungeon (4/15)
 Temple: D:4-7

Altars:
Trog
The Shining One

Shops:
D:2 ?   D:3 *

Annotations:
D:3 2 transporters, qw's ghost, amateur MiHs


Message History

You feel sick.
You hear a shout!
The orc misses you. You furiously retaliate!
You headbutt the orc. The orc barely misses you.
You shoot a sling bullet.
The sling bullet closely misses the orc.
You feel sick. The orc hits you but does no damage.
You are more poisoned.
The orc hits you with a +0 club. The orc barely misses you.
The orc hits you with a +0 club.
You shoot a sling bullet. The sling bullet hits the orc.
The orc is severely wounded.
You feel very sick.
The orc hits you with a +1 short sword of venom.
You are more poisoned.
You shoot a sling bullet. The sling bullet hits the orc.
The orc is almost dead.
You feel very sick. The orc closely misses you. You furiously retaliate!
You headbutt the orc.
You kill the orc!
The orc wizard casts a spell at you. The magic dart hits you.
The orc barely misses you.
You shoot a sling bullet. The sling bullet hits the orc.
The orc is moderately wounded.
You feel very sick. The orc hits you but does no damage.
You shoot a sling bullet. The sling bullet hits the orc.
The orc is heavily wounded.
You feel sick. The orc wizard completely misses you.
The orc hits you with a +0 club.
You shoot a sling bullet. The sling bullet hits the orc.
The orc is severely wounded.
You feel sick.
The orc wizard hits you but does no damage.
The orc completely misses you. You furiously retaliate!
You headbutt the orc!
You kill the orc!
The orc wizard hits you with a +0 dagger.
You shoot a sling bullet. The sling bullet hits the orc wizard.
The orc wizard is lightly wounded.
You die...

######## #......#
##'####+##
#########........#
#.......'........+
#....####........###
o #....#
#.......@).+ ..o
'....#
#.......o)##..o..
#....#
#####'#'#........
#....# #.#.#........
#....# #.#.#........
###### #<#......####
#######.... ###..
...


You could see an orc wizard.

Vanquished Creatures
  Sigmund (D:3)
  A sky beast (D:4)
  An orc priest (D:4)
  4 adders
  3 orcs (D:4)
  2 bats
  6 endoplasms
  3 giant cockroaches
  6 hobgoblins
  6 jackals (D:3)
  6 quokkas (D:1)
  4 ball pythons (D:1)
  2 frilled lizards
  A goblin (D:3)
  4 kobolds
  7 rats
57 creatures vanquished.

Notes
Turn   | Place    | Note
-------+----------+-------------------------------------------
     0 | D:1      | qw the Minotaur Hexslinger began the quest for the Orb.
     0 | D:1      | Reached XP level 1. HP: 16/16 MP: 1/1
     0 | D:1      | 0 ||| qw: Version: 0.3-a-24-g62f9e04
     0 | D:1      | 0 ||| qw: Game counter: 6674
     0 | D:1      | 0 ||| qw: Melee chars always use a shield: true
     0 | D:1      | 0 ||| qw: God list: Okawaru
     0 | D:1      | 0 ||| qw: Allow faded altars: false
     0 | D:1      | 0 ||| qw: Do Orc after clearing Dungeon:15 true
     0 | D:1      | 0 ||| qw: Do second Lair branch before Depths: true
     0 | D:1      | 0 ||| qw: Lair rune preference: random
     0 | D:1      | 0 ||| qw: Goals: Normal
     0 | D:1      | 0 ||| PLANNING D:1-11
    48 | D:1      | Reached skill level 3 in Ranged Weapons
    48 | D:1      | Reached XP level 2. HP: 23/23 MP: 2/2
   510 | D:1      | Reached XP level 3. HP: 26/29 MP: 3/3
   569 | D:1      | 569 ||| UPGRADING to +0 ring mail.
   579 | D:1      | 579 ||| DROPPING +0 robe.
   580 | D:1      | 580 ||| READING 2 scrolls labelled DAHEEN URET EWU.
   585 | D:1      | 585 ||| READING scroll labelled ADOW YBRICE.
   586 | D:1      | 586 ||| DRINKING 2 emerald potions.
   593 | D:1      | 593 ||| DRINKING 2 murky cyan potions.
   594 | D:1      | 594 ||| DROPPING scroll of poison.
   595 | D:1      | 595 ||| DROPPING potion of ambrosia.
   648 | D:2      | Reached skill level 4 in Ranged Weapons
   704 | D:2      | Reached skill level 1 in Armour
   852 | D:2      | Found Zopsobin's Magic Scroll Emporium.
   858 | D:2      | 858 ||| SHOPLISTING scroll of brand weapon (104 gold, have
                  | 55).
   858 | D:2      | 858 ||| SHOPLISTING scroll of enchant weapon (82 gold, have
                  | 55).
   858 | D:2      | 858 ||| BUYING scroll of identify (22 gold).
   858 | D:2      | Bought a scroll of identify for 22 gold pieces
  1021 | D:2      | Reached XP level 4. HP: 36/36 MP: 4/4
  1064 | D:2      | Found a glowing golden altar of the Shining One.
  1202 | D:2      | 1202 ||| READING scroll labelled LATIEH PAWK.
  1203 | D:2      | 1203 ||| DRINKING 3 glowing puce potions.
  1204 | D:2      | 1204 ||| READING 2 scrolls of identify.
  1204 | D:2      | 1204 ||| IDENTIFYING pink potion
  1205 | D:2      | 1205 ||| DROPPING potion of degeneration.
  1333 | D:3      | Noticed qw's ghost (amateur MiHs)
  1334 | D:3      | Found a transporter.
  1339 | D:3      | Found a transporter.
  1360 | D:3      | Found a bloodstained altar of Trog.
  1385 | D:3      | Found Daopru's General Store.
  1394 | D:3      | 1394 ||| BUYING potion of heal wounds (55 gold).
  1394 | D:3      | Bought a potion of heal wounds for 55 gold pieces
  1394 | D:3      | 1394 ||| SHOPLISTING potion of might (44 gold, have 12).
  1394 | D:3      | 1394 ||| SHOPLISTING ring of protection from fire (275
                  | gold, have 12).
  1394 | D:3      | 1394 ||| SHOPLISTING scroll of teleportation (33 gold, have
                  | 12).
  1554 | D:3      | Noticed Sigmund
  1564 | D:3      | 1564 ||| UPGRADING to +0 pair of gloves.
  1564 | D:3      | HP: 7/36 [Sigmund/+0 scythe (9)]
  1569 | D:3      | 1569 ||| READING scroll of teleportation.
  1569 | D:3      | HP: 1/36 [Sigmund/magic dart (7)]
  1570 | D:3      | 1570 ||| DRINKING 2 potions of heal wounds.
  1574 | D:3      | 1574 ||| FLEEEEING.
  1575 | D:3      | 1575 ||| FLEEEEING.
  1576 | D:3      | 1576 ||| FLEEEEING.
  1577 | D:3      | 1577 ||| FLEEEEING.
  1578 | D:3      | 1578 ||| FLEEEEING.
  1579 | D:3      | 1579 ||| FLEEEEING.
  1580 | D:3      | 1580 ||| FLEEEEING.
  1581 | D:3      | 1581 ||| FLEEEEING.
  1582 | D:3      | 1582 ||| FLEEEEING.
  1583 | D:3      | 1583 ||| FLEEEEING.
  1584 | D:3      | 1584 ||| FLEEEEING.
  1585 | D:3      | 1585 ||| FLEEEEING.
  1586 | D:3      | 1586 ||| FLEEEEING.
  1587 | D:3      | 1587 ||| FLEEEEING.
  1588 | D:3      | 1588 ||| FLEEEEING.
  1589 | D:3      | 1589 ||| FLEEEEING.
  1590 | D:3      | 1590 ||| FLEEEEING.
  1591 | D:3      | 1591 ||| FLEEEEING.
  1592 | D:3      | 1592 ||| FLEEEEING.
  1593 | D:3      | 1593 ||| FLEEEEING.
  1594 | D:3      | 1594 ||| FLEEEEING.
  1595 | D:3      | 1595 ||| FLEEEEING.
  1596 | D:3      | 1596 ||| FLEEEEING.
  1597 | D:3      | 1597 ||| FLEEEEING.
  1598 | D:3      | 1598 ||| FLEEEEING.
  1599 | D:3      | 1599 ||| FLEEEEING.
  1600 | D:3      | 1600 ||| FLEEEEING.
  1601 | D:3      | 1601 ||| FLEEEEING.
  1602 | D:3      | 1602 ||| STAIRDANCE
  1664 | D:2      | 1664 ||| READING 3 scrolls labelled QENAP VIAMPOEM.
  1665 | D:2      | 1665 ||| DROPPING 2 scrolls of fog.
  1704 | D:3      | 1704 ||| FLEEEEING.
  1705 | D:3      | 1705 ||| FLEEEEING.
  1721 | D:3      | HP: 5/36 [Sigmund/+0 scythe (7)]
  1722 | D:3      | 1722 ||| DRINKING potion of heal wounds.
  1727 | D:3      | Killed Sigmund
  1728 | D:3      | Reached skill level 6 in Ranged Weapons
  1728 | D:3      | Reached XP level 5. HP: 20/41 MP: 5/5
  2082 | D:3      | 2082 ||| UPGRADING to amulet of reflection.
  2087 | D:3      | 2087 ||| READING 3 scrolls labelled GIOCOMUUMO.
  2088 | D:3      | 2088 ||| DROPPING 2 scrolls of vulnerability.
  2169 | D:4      | Noticed a sky beast
  2183 | D:4      | Killed a sky beast
  2184 | D:4      | Reached skill level 3 in Fighting
  2184 | D:4      | Reached XP level 6. HP: 16/51 MP: 6/6
  2323 | D:4      | 2323 ||| Stepping ~*~*~tactically~*~*~ (outnumbered).
  2336 | D:4      | HP: 12/52 [orc wizard/magic dart (4)]
  2338 | D:4      | HP: 4/52 [orc/+0 club (2)]
  2340 | D:4      | Succumbed to an orc's poison

Levels and vault maps discovered:
D:1:      giann_forest_graveyard, layout_rooms, st_stairs_7, nrook_uturn
D:2:      layout_rooms, basic_altar, serial_shops, nicolae_shop_tiny_glass,
          kennysheep_minor_cross, serial_bayou_lake_a
D:3:      layout_loops_ring, mainiacjoe_overflow_concentric_impassable,
          serial_shops, nicolae_shop_gibbet_a_chance, gammafunk_ghost_arena,
          uniq_sigmund
D:4:      layout_basic, nicolae_vehumet_radiance, mainiacjoe_overflow_big_doors,
          uniq_robin, uniq_grinder

Skill      XL: |  1  2  3  4  5  6 |
---------------+-------------------+-----
Ranged Weapons | 3 4 6 |  6.5
Fighting       | 2 3 4 |  4.0
Armour         | 1 |  1.3
Dodging        | |  2.1
Spellcasting   | |  1.0
Hexes          | |  2.0

Action                     |  1- 3 |  4- 6 || total
---------------------------+-------+-------++-------
   Fire: Sling             |   135 |    87 ||   222
    Use: Scroll            |     2 |     5 ||     7
         Potion            |     2 |     3 ||     5
 Armour: Robe              |     1 |       ||     1
         Ring mail         |    11 |    25 ||    36
  Dodge: Dodged            |    32 |    37 ||    69
  Block: Other             |       |     3 ||     3

Table legend:
 A = Non-vault XP
 B = Vault XP
 C = Vault XP percentage of total XP
 D = Non-vault monster count
 E = Vault monster count
 F = Vault count percentage of total count
                 A         B        C        D         E       F
            +---------+---------+-------+---------+---------+-------
      Total |     309 |     227 |  42.4 |      55 |       2 |   3.5
            +---------+---------+-------+---------+---------+-------
        D:1 |      42 |       1 |   2.3 |      24 |       1 |   4.0
        D:2 |      57 |       0 |   0.0 |      13 |       0 |   0.0
        D:3 |      31 |     226 |  87.9 |      13 |       1 |   7.1
        D:4 |     179 |       0 |   0.0 |       5 |       0 |   0.0
            +---------+---------+-------+---------+---------+-------
